Map: Backwater LE

Players

eGGz

  • Race: Zerg Zerg
  • League: Master
  • Spawn Location: 5:00

JonSnow - Winner!

  • Race: Zerg Zerg
  • League: Master
  • Spawn Location: 11:00

VOD

Have the link to the VOD?

Description

Time

  • Played on: Feb. 2, 2018, 3:42 p.m.
  • Length: 6:51
Show
View Real Time Build Order
Export as new Build Order

eGGz Zerg 

Build Orders: 3 Hatch before Pool 

Get SALT Encoding   

  12  0:01  Drone  
  13  0:14  Overlord  
  13  0:17  Drone  
  14  0:33  Drone x2  
  16  0:39  Drone  
  17  0:52  Hatchery  
  16  0:57  Drone  
  16  1:01  Drone  
  18  1:19  Hatchery  
  18  1:22  Drone  
  18  1:25  Extractor  
  17  1:27  Drone  
  17  1:31  Drone  
  19  1:43  Spawning Pool  
  19  1:46  Drone  
  19  1:53  Drone  
  20  2:09  Drone x2  
  20  2:14  Overlord  
  22  2:29  Metabolic Boost  
  22  2:31  Zergling x6  
  22  2:32  Queen  
  27  2:39  Queen  
  27  2:40  Drone  
  27  2:43  Drone  
  31  2:52  Drone  
  31  2:53  Queen  
  31  2:57  Zergling x2  
  35  3:01  Zergling x2  
  35  3:02  Zergling x2  
  37  3:12  Drone x4  
  41  3:20  Drone, Roach Warren  
  41  3:26  Overlord  
  41  3:30  Drone  
  41  3:42  Overlord  
  41  3:46  Zergling x10  
  41  3:47  Zergling x4  
  46  3:53  Overlord  
  47  3:55  Zergling x2  
  47  3:56  Zergling x4  
  47  4:04  Zergling x8  
  41  4:10  Roach  
  36  4:19  Zergling x6  
  34  4:26  Queen  
  36  4:33  Drone x2  
  36  4:34  Drone  
  39  4:41  Roach x2  
  43  4:47  Drone  
  43  4:48  Drone  
  43  4:51  Drone x2  
  46  5:00  Drone  
  46  5:01  Drone x4  
  51  5:08  Queen  
  51  5:13  Drone x3  
  56  5:19  Evolution Chamber  
  55  5:28  Drone x6  
  59  5:30  Extractor  
  59  5:31  Overlord  
  59  5:32  Drone  
  59  5:36  Roach  
  59  5:39  Roach x2  
  65  5:48  Overlord  
  65  5:51  Roach x4  
  68  6:06  Roach x2, Zergling x8  
  72  6:16  Roach  
  68  6:21  Zergling x4  
  68  6:22  Zergling x6  
Show
View Real Time Build Order
Export as new Build Order

JonSnow Zerg - Winner!

Build Orders: Hatch First 

Get SALT Encoding   

  12  0:01  Drone  
  13  0:14  Overlord  
  13  0:17  Drone  
  14  0:32  Drone x2  
  16  0:36  Drone  
  17  0:52  Hatchery  
  17  0:56  Drone  
  17  0:58  Drone  
  18  1:12  Spawning Pool  
  18  1:14  Drone  
  18  1:18  Extractor  
  17  1:19  Drone  
  18  1:32  Drone  
  19  1:52  Overlord  
  19  2:00  Queen, Zergling x2  
  22  2:04  Queen, Zergling x2  
  22  2:07  Zergling x2  
  26  2:17  Drone  
  26  2:18  Drone, Metabolic Boost  
  28  2:25  Drone  
  28  2:26  Drone  
  30  2:36  Drone  
  31  2:40  Drone  
  32  2:48  Hatchery  
  32  2:50  Overlord  
  31  2:54  Drone  
  32  2:59  Overlord  
  32  3:11  Zergling x12  
  38  3:15  Zergling x4  
  40  3:20  Zergling x2  
  40  3:23  Zergling x4  
  43  3:29  Queen  
  45  3:39  Zergling x4  
  46  3:45  Drone x5  
  51  3:51  Overlord  
  51  4:02  Drone x4  
  54  4:09  Roach Warren  
  44  4:19  Drone x6  
  46  4:27  Zergling x12  
  51  4:37  Evolution Chamber  
  50  4:39  Zergling x2  
  50  4:40  Zergling x4  
  50  4:43  Queen, Overlord  
  55  4:50  Roach x2  
  59  4:58  Evolution Chamber  
  59  4:59  Roach x2  
  62  5:02  Roach x2  
  62  5:03  Roach x2  
  62  5:06  Roach  
  72  5:10  Roach  
  72  5:12  Overlord x2  
  74  5:26  Overlord  
  74  5:27  Extractor  
  73  5:29  Zergling x2  
  73  5:32  Roach x2, Zergling x2  
  73  5:33  Zergling x2  
  80  5:37  Roach  
  80  5:38  Zergling x8  
  80  5:42  Zergling x6  
  89  5:49  Zergling x2  
  90  5:50  Zergling x4  
  91  5:57  Drone x4  
  92  6:05  Overlord  
  92  6:10  Extractor  
  91  6:15  Drone x8  
  96  6:22  Zergling x4  
  92  6:28  Zergling x4  
Tags
 
Add a new tag
Caveats
  • Supply blocks, unpowered buildings, or Contaminate may cause inaccurate times.
  • Supply counts are checked every 10 seconds.